 Dungeon Crawl Stone Soup version 0.28.0-43-g3370ac3207 (webtiles) character file.

Game seed: 17397261629183101989

163 Arcadio the Shooter (level 5, 0/23 (33) HPs)
             Began as a Kobold Hunter on Mar 3, 2022.
             Was a Believer of Fedhas.
             Slain by a kobold brigand
             ... wielding a +2 whip of draining
              (3 damage)
             ... in a sewer.
             The game lasted 00:10:32 (5028 turns).

Arcadio the Shooter (Kobold Hunter)                 Turns: 5028, Time: 00:10:34

HP:   0/23 (33)     AC:  3    Str: 12    XL:     5   Next: 72%
MP:   5/5           EV: 14    Int: 12    God:    Fedhas [**....]
Gold: 153           SH:  0    Dex: 15    Spells: 4/4 levels left

rFire   + . .      SeeInvis .   b - +0 short sword
rCold   x . .      Faith    .   (no shield)
rNeg    . . .      Spirit   .   c - +0 leather armour
rPois   .          Reflect  .   (no helmet)
rElec   .          Harm     .   (no cloak)
rCorr   .          Rampage  .   (no gloves)
Will    .....                   (no boots)
Stlth   ++++......              n - amulet of regeneration
HPRegen 0.87/turn               p - ring of fire
MPRegen 0.09/turn               (no ring)

@: attractive, very heavily drained
A: small, no large weapons, nightstalker 3
a: Renounce Religion, Wall of Briars


You were in a sewer.
You worshipped Fedhas.
Fedhas was pleased with you.
You visited 1 branch of the dungeon, and saw 4 of its levels.
You also visited: Sewer.

You collected 153 gold pieces.

Inventory:

Hand Weapons
 a - a +1 shortbow
 b - a +0 short sword (weapon)
 m - a +0 dagger of venom
Missiles
 d - 55 arrows
 i - a throwing net (quivered)
Armour
 c - a +0 leather armour (worn)
Jewellery
 n - an amulet of regeneration (around neck)
 p - a ring of fire (left hand)
Wands
 l - a wand of paralysis (7)
Scrolls
 g - 2 scrolls of identify
Potions
 k - a potion of brilliance {unknown}


   Skills:
 + Level 3.8 Fighting
 + Level 4.9 Bows
 - Level 2.4 Dodging
 + Level 4.4 Stealth


You had 4 spell levels left.
You didn't know any spells.
Your spell library contained the following spells:

 Spells                   Type           Power      Damage    Failure   Level
 Magic Dart               Conj           0%         1d3       38%         1
 Searing Ray              Conj           0%         2d4       54%         2
 Static Discharge         Conj/Air       0%         N/A       54%         2
 Portal Projectile        Hex/Tloc       0%         N/A       77%         3
 Dispel Undead            Necr           0%         3d6       99%         4
 Fulminant Prism          Conj/Hex       0%         3d6       99%         4
 Sticky Flame             Conj/Fire      0%         2d3       99%         4
 Blade Hands              Tmut           0%         N/A       100%        5
 Excruciating Wounds      Necr           0%         N/A       100%        5


Dungeon Overview and Level Annotations

Branches:
Dungeon (4/15)              Sewer (1/1)
 Temple: D:4-7

Altars:
Fedhas
Vehumet

Shops:
D:2 (


Innate Abilities, Weirdness & Mutations

You are small and have problems with some larger weapons.
You are completely attuned to the shadows.


Message History

The kobold brigand is heavily wounded.
You hear a splash.
You feel sick.
The kobold brigand hits you with a +2 whip of draining.
You feel drained.
The kobold brigand hits you with a +2 whip of draining.
* * * LOW HITPOINT WARNING * * *
You feel drained.
* * * LOW HITPOINT WARNING * * *
You feel much better.
You feel sick.
The kobold brigand splashes around in the water.
b - a +0 short sword (weapon)
The kobold brigand hits you with a +2 whip of draining.
You feel drained.
It was a potion of attraction.
You feel attractive to monsters.
You feel sick.
You are no longer poisoned.
The kobold brigand completely misses you.
You hit the kobold brigand.
The kobold brigand is severely wounded.
The kobold brigand splashes around in the water.
The kobold brigand hits you with a +2 whip of draining!
You feel drained.
You hit the kobold brigand but do no damage.
The kobold brigand is severely wounded.
The kobold brigand hits you with a +2 whip of draining.
You feel drained.
You hit the kobold brigand.
The kobold brigand is severely wounded.
The kobold brigand closely misses you.
The kobold brigand splashes around in the water.
You hit the kobold brigand.
The kobold brigand is almost dead.
You feel yourself speed up.
The kobold brigand hits you with a +2 whip of draining!
* * * LOW HITPOINT WARNING * * *
You feel drained.
You die...
Fedhas appreciates your contribution to the ecosystem.

#.###≈#
#≈(≈≈.#
##..≈##
#.(.# #.≈(#
#≈≈≈##
#.≈≈.##
#.≈≈.K#####
##.≈≈@≈.≈≈..
###..≈≈≈≈≈.
##.≈.≈...
##≈.....≈#
#≈≈..≈..≈≈
≈≈....≈≈≈.≈
≈.≈≈≈.....≈
....≈.∩....
≈≈≈≈....≈≈


You could see a kobold brigand.

Vanquished Creatures
  A centaur zombie (D:4)
  3 gnolls
  2 adders
  2 dart slugs (D:3)
  4 orcs (D:3)
  6 ball pythons
  6 endoplasms
  3 giant cockroaches
  A goblin (D:2)
  2 hobgoblins
  15 jackals
  6 kobolds
  A quokka (D:1)
  3 bats
  5 frilled lizards
  10 rats
70 creatures vanquished.

Notes
Turn   | Place    | Note
-------+----------+-------------------------------------------
     0 | D:1      | Arcadio the Kobold Hunter began the quest for the Orb.
     0 | D:1      | Reached XP level 1. HP: 12/12 MP: 1/1
   455 | D:1      | Reached XP level 2. HP: 10/18 MP: 2/2
  1231 | D:1      | Reached XP level 3. HP: 22/22 MP: 3/3
  2083 | D:2      | HP: 1/23 [gnoll/+0 whip (4)]
  2085 | D:2      | Reached XP level 4. HP: 2/28 MP: 4/4
  2490 | D:2      | Found Feefecs's Weapon Boutique.
  3067 | D:2      | Found a faded altar of an unknown god.
  3086 | D:2      | Prayed at the altar of an unknown god.
  3086 | D:2      | Became a worshipper of Fedhas Madash
  3086 | D:2      | Reached * piety under Fedhas
  3777 | D:3      | Reached XP level 5. HP: 19/32 MP: 5/5
  4039 | D:3      | Found a radiant altar of Vehumet.
  4551 | D:3      | Reached ** piety under Fedhas
  4933 | D:4      | Found a glowing drain.
  4980 | Sewer    | Entered a sewer
  5002 | Sewer    | Noticed a kobold brigand
  5028 | Sewer    | Slain by a kobold brigand

Illustrated notes

Levels and vault maps discovered:
D:1:      lemuel_arrival_room, layout_basic
D:2:      layout_rooms, shapermc_ecumenical_altar_totnotflames, serial_shops,
          shop
D:3:      layout_basic, mainiacjoe_overflow_six_doors_small, serial_rivers,
          chequers_serial_rivers_small_3, chequers_serial_rivers_large_b,
          chequers_serial_rivers_micro_b, chequers_serial_rivers_room_b,
          chequers_serial_rivers_micro_a, minivault_24
D:4:      layout_loops_ring, mainiacjoe_overflow_two_lobes,
          portal_sewer_entry_a, dk_noncrumbling_4
Sewer:    sewer_co_tree

Skill      XL: |  1  2  3  4  5 |
---------------+----------------+-----
Stealth        | 2 3 4 |  4.4
Fighting       | 3 |  3.8
Bows           | |  4.9
Dodging        | |  2.4

Action                   |  1- 3 |  4- 6 || total
-------------------------+-------+-------++-------
Melee: Short sword       |    78 |   193 ||   271
       Punch             |       |     1 ||     1
 Fire: Shortbow          |     2 |    20 ||    22
  Use: Scroll            |       |     4 ||     4
       Potion            |       |     2 ||     2
 Stab: Sleeping          |    12 |     9 ||    21
Armor: Leather armour    |     5 |    61 ||    66
Dodge: Dodged            |    39 |   209 ||   248
